 Dungeon Crawl Stone Soup version 0.24.0-13-gcf9b319 (webtiles) character file.

Game seed: 7345490168607706907, levelgen mode: deterministic

16695 Fang the Fighter (level 12, 0/80 HPs)
             Began as a Gargoyle Berserker on Dec 3, 2019.
             Was a High Priest of Trog.
             Slain by an eight-headed hydra (9 damage)
             ... on level 2 of the Lair of Beasts.
             The game lasted 00:18:57 (13270 turns).

Fang the Fighter (Gargoyle Berserker)              Turns: 13270, Time: 00:18:58

Health: 0/80       AC: 18    Str: 26    XL:     12   Next: 40%
Magic:  12/12      EV: 16    Int:  8    God:    Trog [*****.]
Gold:   730        SH:  0    Dex:  9    Spells: 11/11 levels left

rFire    . . .     SeeInvis +   a - +2 war axe
rCold    + + +     Gourm    .   (no shield)
rNeg     + . .     Faith    .   D - +4 skin of Zhor {Hibernate rC+++ SInv}
rPois    ∞         Spirit   .   (no helmet)
rElec    +         Reflect  .   (no cloak)
rCorr    .         Harm     .   o - +1 pair of gloves
MR       .....                  (no boots)
Stlth    ++........             (no amulet)
HPRegen  0.23/turn              k - ring of stealth
MPRegen  0.13/turn              z - ring of protection from cold

@: berserk cooldown, slowed, very slow
A: negative energy resistance 1, electricity resistance, unbreathing,
petrification resistance, rot immunity, AC +8
a: Berserk, Trog's Hand, Brothers in Arms, Renounce Religion


You were on level 2 of the Lair of Beasts.
You worshipped Trog.
Trog was extremely pleased with you.
You were near starving.

You visited 3 branches of the dungeon, and saw 15 of its levels.

You collected 730 gold pieces.

Inventory:

Hand Weapons
 a - a +2 war axe (weapon)
Armour
 b - a +0 plate armour
 o - a +1 pair of gloves (worn)
 D - the +4 skin of Zhor (worn) {Hibernate rC+++ SInv}
   (You found it on level 9 of the Dungeon)

   It renders you almost immune to cold.
   It lets you see invisible.
Jewellery
 k - a ring of stealth (left hand)
 z - a ring of protection from cold (right hand)
Wands
 d - a wand of flame (41)
 i - a wand of digging (8)
 p - a wand of iceblast (6)
 u - a wand of clouds (5)
 w - a wand of polymorph (11)
 B - a wand of random effects (16)
Scrolls
 g - 3 scrolls of fear
 h - 2 scrolls of fog
 j - 6 scrolls of remove curse
 l - a scroll of identify
 q - 3 scrolls of teleportation
 r - 2 scrolls of blinking
 y - 2 scrolls of magic mapping
Potions
 e - 8 potions of curing
 f - 2 potions of invisibility
 m - 3 potions of haste
 n - a potion of ambrosia
 s - 2 potions of cancellation
 t - 6 potions of mutation
 v - 4 potions of heal wounds
 x - 3 potions of flight
 A - 5 potions of might
 C - a potion of agility
Comestibles
 c - 21 rations
 E - 4 chunks of flesh


   Skills:
 + Level 11.3 Fighting
 + Level 9.6 Axes
 + Level 11.1 Armour
 + Level 8.6 Dodging


You had 11 spell levels left.
You didn't know any spells.
Your spell library was empty.

Dungeon Overview and Level Annotations

Branches:
Dungeon (12/15)            Temple (1/1) D:4            Lair (2/6) D:8
    Orc (0/2) D:9
  Swamp: Lair:2-4    Shoals: Lair:2-4     Snake: Lair:2-4    Spider: Lair:2-4

Altars:
Fedhas
Gozag
Hepliaklqana
Makhleb
Okawaru
Qazlal
Sif Muna
Trog
Uskayaw
Wu Jian
Xom
The Shining One

Shops:
D:6 (   D:9 ?   D:10 (


Innate Abilities, Weirdness & Mutations

You are resistant to torment.
Your stone body is resilient. (AC +8)
You are immune to poison.
You resist negative energy. (rN+)
You are resistant to electric shocks. (rElec)
You can survive without breathing.
You are immune to petrification.
You are immune to rotting.


Message History

The eight-headed hydra bites you but does no damage.
You feel a strong urge to attack something.
The spiny frog closely misses you.
You feel your anger nearly subside.
You are no longer berserk.
You are exhausted.
You feel yourself slow down. The spiny frog barely misses you.
Your deep troll goes berserk!
You are near starving!
You radiate an aura of cold.
The spiny frog seems to slow down.
Your deep troll seems to slow down.
The eight-headed hydra seems to slow down.
The eight-headed hydra is no longer moving slowly.
The spiny frog completely misses you. The eight-headed hydra bites you.
* * * LOW HITPOINT WARNING * * *
The eight-headed hydra bites you.
* * * LOW HITPOINT WARNING * * *
The eight-headed hydra bites you!
You die...

##.....##
P........
###........ #
#.......... ..#
#.......#.
....###.........
................
##..#TDF..P....
## #.@#.###...
#....P# ..
.PP.........
...|.........
.P.....#......#
....).. ##...##
......# .....
...... .....


You could see an eight-headed hydra, a spiny frog and a friendly deep troll
(berserk).

Vanquished Creatures
  Harold (D:8)
  Erolcha (D:12)
  A centaur warrior (D:11)
  A two-headed ogre (D:12)
  Pikel (D:5)
  A centaur skeleton (D:11)
  A spiny frog (Lair:1)
  A kobold demonologist (D:11)
  2 komodo dragons
  The ghost of sanboga the Chopper, a novice GrBe of Trog (D:5)
  2 trolls (D:12)
  3 blink frogs (Lair:1)
  Grinder (D:4)
  Prince Ribbit (D:6)
  6 hippogriffs
  A spriggan (Lair:1)
  Sigmund (D:5)
  A vampire (D:11)
  6 yaks (D:12)
  A wyvern (D:12)
  2 hungry ghosts
  2 basilisks (Lair:1)
  3 vampire mosquitoes (D:10)
  Menkaure (D:4)
  The ghost of sanboga the Skirmisher, an amateur GrBe of Trog (D:4)
  Duvessa (D:4)
  Edmund (D:5)
  6 water moccasins
  A porcupine (Lair:1)
  A phantom (D:4)
  6 sky beasts
  2 slaves (D:5)
  A swamp drake (D:9)
  5 orc warriors
  An eye of draining (D:7)
  4 ogres
  2 necrophages
  3 centaurs
  2 crocodiles (D:12)
  2 big kobolds (D:12)
  5 bullfrogs
  Dowan (D:4)
  5 scorpions
  2 howler monkeys
  4 wights (D:9)
  5 crimson imps
  5 centaur zombies
  A bullfrog zombie (D:7)
  A jelly (D:11)
  5 orc priests
  6 hounds
  15 orc wizards
  8 bullfrog skeletons
  4 iguanas
  5 worker ants
  A hound zombie (D:8)
  3 hound skeletons
  A howler monkey zombie (D:7)
  2 worker ant zombies
  14 adders
  2 howler monkey skeletons
  2 shadow imps
  3 oozes
  2 adder zombies
  4 adder skeletons
  4 worms
  2 dart slugs
  4 leopard geckos
  41 orcs
  A ball python (D:4)
  8 giant cockroaches
  3 goblins
  5 hobgoblins
  10 jackals
  7 quokkas
  3 bats
  3 frilled lizards
  A jackal skeleton (D:3)
  5 kobolds
  4 quokka skeletons
  5 rats
293 creatures vanquished.

Vanquished Creatures (others)
  An orc priest (D:5)
  An adder (D:5)
  A quokka (D:5)
  A jackal skeleton (D:5)
4 creatures vanquished.

Grand Total: 297 creatures vanquished

Notes
Turn   | Place    | Note
-------+----------+-------------------------------------------
     0 | D:1      | Fang the Gargoyle Berserker began the quest for the Orb.
     0 | D:1      | Reached XP level 1. HP: 14/14 MP: 1/1
   443 | D:1      | Reached XP level 2. HP: 15/19 MP: 2/2
  1055 | D:2      | Reached XP level 3. HP: 18/24 MP: 3/3
  1276 | D:3      | Reached XP level 4. HP: 11/29 MP: 4/4
  1771 | D:3      | Found a stormy altar of Qazlal.
  1790 | D:3      | Reached ** piety under Trog
  2232 | D:3      | Reached XP level 5. HP: 32/33 MP: 5/5
  2283 | D:3      | Found a hazy altar of Hepliaklqana.
  2373 | D:3      | Found a blossoming altar of Fedhas.
  2410 | D:4      | Noticed an ogre
  2421 | D:4      | Killed an ogre
  2589 | D:4      | Noticed a phantom
  2961 | D:4      | Killed a phantom
  2961 | D:4      | Reached XP level 6. HP: 27/39 MP: 6/6
  3204 | D:4      | Found a runed translucent gate.
  3204 | D:4      | Found a runed translucent gate.
  3204 | D:4      | Noticed Menkaure
  3222 | D:4      | Killed Menkaure
  3222 | D:4      | Reached skill level 5 in Fighting
  3222 | D:4      | Reached XP level 7. HP: 25/44 MP: 7/7
  3374 | D:4      | Found a runed translucent gate.
  3384 | D:4      | Noticed sanboga's ghost (amateur GrBe)
  3659 | D:4      | Found a bloodstained altar of Trog.
  3659 | D:4      | Noticed Dowan
  3660 | D:4      | Noticed Duvessa
  3680 | D:4      | Killed Duvessa
  3713 | D:4      | Killed Dowan
  3713 | D:4      | Reached skill level 5 in Armour
  3736 | D:4      | Found a staircase to the Ecumenical Temple.
  3959 | Temple   | Entered the Ecumenical Temple
  4023 | D:4      | Noticed Grinder
  4027 | D:4      | Paralysed by Grinder for 6 turns
  4050 | D:4      | Killed Grinder
  4050 | D:4      | Reached XP level 8. HP: 37/51 MP: 8/8
  4134 | D:4      | Found a hide-covered altar of Uskayaw.
  4213 | D:4      | Reached skill level 5 in Axes
  4219 | D:4      | Killed sanboga's ghost
  4273 | D:5      | Entered Level 5 of the Dungeon
  4317 | D:5      | Noticed Pikel
  4345 | D:5      | Killed Pikel
  4345 | D:5      | Reached XP level 9. HP: 56/56 MP: 9/9
  4346 | D:5      | Reached *** piety under Trog
  4402 | D:5      | Noticed Sigmund
  4419 | D:5      | Killed Sigmund
  4419 | D:5      | Reached skill level 5 in Dodging
  4760 | D:5      | Noticed Edmund
  4784 | D:5      | Killed Edmund
  4978 | D:5      | Found a runed translucent gate.
  4979 | D:5      | Found a runed translucent gate.
  4980 | D:5      | Found a runed translucent gate.
  4982 | D:5      | Noticed sanboga's ghost (novice GrBe)
  5365 | D:5      | Killed sanboga's ghost
  5482 | D:6      | Found a shimmering altar of Xom.
  5482 | D:6      | Found an iron altar of Okawaru.
  5482 | D:6      | Found a bloodstained altar of Trog.
  5722 | D:6      | Noticed Prince Ribbit
  5735 | D:6      | Killed Prince Ribbit
  5786 | D:6      | Found a burning altar of Makhleb.
  5786 | D:6      | Found a shimmering blue altar of Sif Muna.
  5795 | D:6      | Found a faded altar of an unknown god.
  5797 | D:6      | Found a faded altar of an unknown god.
  5799 | D:6      | Found an ornate altar of the Wu Jian Council.
  5872 | D:6      | Reached **** piety under Trog
  5897 | D:6      | Reached XP level 10. HP: 64/64 MP: 10/10
  5907 | D:6      | Found Boxkiost's Weapon Shoppe.
  6937 | D:8      | Found an opulent altar of Gozag.
  7190 | D:8      | Noticed Harold
  7213 | D:8      | Killed Harold
  7392 | D:8      | Found a staircase to the Lair.
  7788 | D:9      | Found the +4 skin of Zhor {Hibernate rC+++ SInv}
  7863 | D:9      | Found Wudyan's Magic Scroll Shoppe.
  8104 | D:9      | Reached ***** piety under Trog
  8123 | D:9      | Found a staircase to the Orcish Mines.
  8703 | D:9      | Found a glowing golden altar of the Shining One.
  8926 | D:10     | Entered Level 10 of the Dungeon
  8972 | D:10     | Reached XP level 11. HP: 43/71 MP: 11/11
  9361 | D:10     | Found Cyippo's Antique Weapon Shoppe.
  9465 | D:10     | Reached skill level 10 in Fighting
  9651 | D:11     | Noticed a centaur warrior
  9661 | D:11     | Killed a centaur warrior
  9686 | D:11     | Reached skill level 10 in Armour
 10263 | D:12     | Noticed Erolcha
 10273 | D:12     | Killed Erolcha
 10561 | D:12     | Reached XP level 12. HP: 60/79 MP: 12/12
 11320 | D:12     | Noticed a two-headed ogre
 11332 | D:12     | Killed a two-headed ogre
 11744 | Lair:1   | Entered Level 1 of the Lair of Beasts
 13257 | Lair:2   | Noticed a five-headed hydra
 13270 | Lair:2   | Slain by an eight-headed hydra

Levels and vault maps discovered:
D:1:      lightli_arrival_farm, layout_basic
D:2:      layout_basic, kennysheep_big_empty_room, uniq_jessica, uniq_natasha
D:3:      layout_basic, nicolae_overflow_hidden_temple, marbit_many_paths,
          old_standard_altar
D:4:      layout_basic, lemuel_crystal_altar, temple_doors_e, serial_curves,
          eino_curves_02, eino_curves_04, gammafunk_ghost_necromancy,
          trog_three_pillars_becter, uniq_duvessa, uniq_grinder, uniq_menkaure
D:5:      layout_basic, first_ration, gammafunk_ghost_necromancy,
          grunt_decor_clamped, uniq_sigmund, uniq_edmund, uniq_pikel
D:6:      layout_rooms, chequers_temple_overflow_minitemple,
          chequers_temple_overflow_statue_of_worship, serial_shops,
          nicolae_shop_statue_plus, grunt_ministairs_1, uniq_prince_ribbit1
D:7:      layout_basic
D:8:      layout_loops_ring, grunt_gozag_statues, lair_entry_dummy, uniq_harold
D:9:      layout_basic, tso_altar, erik_orc_1, serial_shops, shop
D:10:     layout_gridville, serial_shops, shop
D:11:     layout_loops_ring
D:12:     layout_rooms, blue_anna_alchemist [blue_anna_fruit_fields,
          blue_anna_fruit_fields], drop_trap, chequers_serial_rivers_micro_c,
          uniq_erolcha
Temple:   jpeg_temple_alley_garden
Lair:1:   layout_hall_layers, serial_bayou_pond_d,
          chequers_serial_rivers_room_b, minivault_24,
          grunt_forest_large_clearing_hut, grunt_megastairs_3
Lair:2:   layout_misc_corridors, minmay_snake_entry_six_corridors,
          nicolae_volcano_entry_lava_flow, uniq_nergalle

Skill      XL: |  1  2  3  4  5  6  7  8  9 10 11 12 |
---------------+-------------------------------------+-----
Axes           | 3 4 5 6 8 9 |  9.6
Dodging        | 2 3 4 5 7 8 |  8.6
Armour         | 3 4 5 6 7 9 10 11 | 11.1
Fighting       | 4 5 6 8 9 10 11 | 11.3

Action                   |  1- 3 |  4- 6 |  7- 9 | 10-12 || total
-------------------------+-------+-------+-------+-------++-------
Melee: Hand axe          |    80 |   205 |   284 |       ||   569
       War axe           |       |       |   128 |   770 ||   898
Invok: Berserk           |     1 |     2 |     6 |     8 ||    17
       Trog's Hand       |       |     2 |     3 |     2 ||     7
       Brothers in Arms  |       |       |       |     1 ||     1
  Use: Scroll            |       |       |       |    21 ||    21
       Potion            |       |       |       |     1 ||     1
 Stab: Sleeping          |       |     1 |       |     8 ||     9
  Eat: Chunk             |     1 |     6 |     7 |    29 ||    43
       Ration            |       |     1 |     3 |     2 ||     6
Armor: Animal skin       |    28 |    20 |       |   229 ||   277
       Chain mail        |       |   108 |   275 |   166 ||   549
Dodge: Dodged            |    65 |    83 |   202 |   530 ||   880
